 Dungeon Crawl Stone Soup version 0.22-a0-580-gd5db89c (webtiles) character file.

30 Lianjan the Digger (level 3, 0/24 HPs)
             Began as a Demonspawn Earth Elementalist on July 2, 2018.
             Succumbed to an adder's poison
             ... on level 2 of the Dungeon.
             The game lasted 00:03:06 (1108 turns).

Lianjan the Digger (Demonspawn Earth Elementalist)  Turns: 1108, Time: 00:03:07

Health: 0/24       AC:  2    Str: 10 (13) XL:     3   Next: 5%
Magic:  1/6        EV: 12    Int: 14 (17) God:
Gold:   36         SH:  0    Dex: 12 (13) Spells: 5/6 levels left

rFire    + . .     SeeInvis .   i - +0 whip
rCold    + . .     Gourm    .   (no shield)
rNeg     . . .     Faith    .   c - +0 robe
rPois    +         Spirit   .   (no helmet)
rElec    +         Reflect  .   (no cloak)
rCorr    +         Harm     .   (no gloves)
MR       .....                  (no boots)
Stlth    ++........             (no amulet)
HPRegen  0.08/turn              (no ring)
MPRegen  0.10/turn              (no ring)

@: mighty, lethally poisoned (0 -> -1), resistant, very slightly contaminated
A: talons 1, demonic guardian 1
a: no special abilities


You were on level 2 of the Dungeon.
You were not hungry.

You visited 1 branch of the dungeon, and saw 2 of its levels.

You collected 36 gold pieces.

Inventory:

Hand Weapons
 i - a +0 whip (weapon)
Missiles
 b - 43 stones (quivered)
Armour
 c - a +0 robe (worn)
Jewellery
 k - an uncursed ring of positive energy {unknown}
Scrolls
 a - a scroll of identify {unknown}
 e - 3 scrolls of immolation {unknown}
 g - a scroll of blinking {unknown}
 j - a scroll of magic mapping {unknown}
 l - a scroll of remove curse {unknown}
Comestibles
 d - 3 rations


   Skills:
 - Level 1.7 Dodging
 - Level 2.0 Stealth
 + Level 2.4 Spellcasting
   Level 0.8 Transmutations
 * Level 3.4 Earth Magic


You had 5 spell levels left.
You knew the following spells:

 Your Spells              Type           Power        Failure   Level  Hunger
a - Sandblast             Erth           ##....       5%          1    #......

Your spell library contained the following spells:

 Spells                   Type           Power        Failure   Level  Hunger
 Stone Arrow              Conj/Erth      #.....       32%         3    ###....
 Passwall                 Tmut/Erth      #.......     14%         2    ###....
 Lee's Rapid Deconstruct  Erth           ##........   83%         5    ######.
 Petrify                  Tmut/Erth      #.......     67%         4    #####..


Dungeon Overview and Level Annotations

Branches:
Dungeon (2/15)

Altars:


Innate Abilities, Weirdness & Mutations

You have sharp toenails.
A weak demonic guardian rushes to your aid.


Message History

You see here a stone.
It was a potion of might.
You feel very mighty all of a sudden. The adder closely misses you.
The adder bites you.
* * * LOW HITPOINT WARNING * * *
You whack the adder!
You kill the adder!
You have reached level 3!
Your experience leads to an increase in your attributes!
Your base attributes are Str 8, Int 16, Dex 13.
Increase (S)trength, (I)ntelligence, or (D)exterity?
You feel clever.
Your demonic ancestry asserts itself...
You feel the presence of a demonic guardian.
You whack the kobold!
You kill the kobold!
* * * LOW HITPOINT WARNING * * *
You feel sick.
There is a lethal amount of poison in your body!
You die...

### #.. #.. .# ####..
########+# ... .....
...#........# ...##...
.........############......
.....###.(@.#......#####...
... #####........#.....รท.
. #..............##....
....#####......#....##.
....................>..
########......######.#
#......###....#
###..###..)####
#..#.......###


There were no monsters in sight!

Vanquished Creatures
  An adder (D:2)
  2 leopard geckos
  3 bats (D:1)
  2 giant cockroaches
  3 goblins (D:1)
  A ball python (D:1)
  2 frilled lizards
  3 kobolds
  2 rats (D:1)
19 creatures vanquished.

Notes
Turn   | Place    | Note
-------+----------+-------------------------------------------
     0 | D:1      | Lianjan the Demonspawn Earth Elementalist began the quest for the Orb.
     0 | D:1      | Reached XP level 1. HP: 13/13 MP: 3/3
   459 | D:1      | Reached skill level 3 in Earth Magic
   459 | D:1      | Gained mutation: You have sharp toenails. [demonic ancestry]
   459 | D:1      | Reached XP level 2. HP: 10/19 MP: 3/5
  1103 | D:2      | Gained mutation: A weak demonic guardian rushes to your aid. [demonic ancestry]
  1103 | D:2      | Reached XP level 3. HP: 1/24 MP: 1/6
  1104 | D:2      | HP: 1/24 [poisoned by an adder]
  1108 | D:2      | Succumbed to an adder's poison

Vault maps used:
D:1:      lightli_arrival_maybe_door_vault, grunt_decor_cap,
          minmay_strange_pillars
D:2:      okawaru_altar_gauntlet_db, makhleb_grotto_becter,
          chequers_temple_overflow_statue_of_worship, first_ration,
          chequers_ecumenical_altar_simple, serial_bayou_ford_a, st_stairs_12,
          uniq_crazy_yiuf_cottage

Skill      XL: |  1 |
---------------+----+-----
Stealth        | 2 |  2.0
Earth Magic    | 3 |  3.4
Dodging        | |  1.7
Spellcasting   | |  2.4
Transmutations | |  0.8

Action                   || total
-------------------------++-------
Melee: Unarmed           ||     5
       Whip              ||    30
       Kick              ||     2
 Cast: Sandblast         ||    11
  Use: Potion            ||     3
 Stab: Sleeping          ||     1
  Eat: Chunk             ||     1
Armor: Robe              ||     9
Dodge: Dodged            ||    25

Table legend:
 A = Spawn XP
 B = Non-spawn XP
 C = Spawn XP percentage of total XP
 D = Spawn monster count
 E = Non-spawn monster count
 F = Spawn count percentage of total count
 G = Total turns spent on level
                    A         B        C        D         E        F      G
               +---------+---------+-------+---------+---------+-------+---------
         Total |       0 |      44 |   0.0 |       0 |      19 |   0.0 |  1108
               +---------+---------+-------+---------+---------+-------+---------
           D:1 |       0 |      22 |   0.0 |       0 |      14 |   0.0 |   926
           D:2 |       0 |      22 |   0.0 |       0 |       5 |   0.0 |   182
               +---------+---------+-------+---------+---------+-------+---------
